 Dungeon Crawl Stone Soup version 0.32-a0-747-gc8563f6773 (webtiles) character file.

Game seed: 12410599293968943141

119 ytrimaz the Trooper (level 5, -8/63 HPs)
             Began as a Coglin Fighter on Mar 17, 2024.
             Mangled by an ogre
             ... wielding a +0 giant club
              (16 damage)
             ... on level 4 of the Dungeon on Mar 18, 2024.
             The game lasted 00:04:27 (1881 turns).

ytrimaz the Trooper (Coglin Fighter)                Turns: 1881, Time: 00:04:28

Health: -8/63      AC: 22    Str: 18    XL:     5   Next: 3%
Magic:  5/5        EV:  2    Int:  8    God:
Gold:   94         SH:  0    Dex: 13    Spells: 4/4 levels left

rFire   . . .        a - +0 war axe {Rafael}
rCold   . . .        k - +0 hand axe {Ramón}
rNeg    . . .        b - melded +0 scale mail
rPois   +            f - melded +0 helmet
rElec   .            (cloak currently unavailable)
rCorr   .            (gloves currently unavailable)
SInv    .            (boots currently unavailable)
Will    .....        (no amulet)
Stlth   +            (no ring)
HPRegen 0.30/turn    (no ring)
MPRegen 0.09/turn    (no gizmo)

%: no passive effects
@: tree-form, revved, very slow
A: stationary, stasis, torment immunity, boosted hp, off-hand wielding, slow
wielding, warmup strikes, (no jewellery)
a: Invent Gizmo


You were on level 4 of the Dungeon.
You were a tree.
You visited 1 branch of the dungeon, and saw 4 of its levels.

You collected 94 gold pieces.


Innate Abilities, Weirdness & Mutations

You are a tree.
Your roots penetrate the ground, keeping you stationary.
You cannot be teleported.
You are immune to unholy pain and torment.
Your maximum health is greatly increased.
Your equipment is partially melded.
You can wield a second weapon in your off-hand.
It takes a long time for you to wield or remove held weapons.
Your first few attacks do less damage.
((You cannot equip rings or amulets.))


   Skills:
 + Level 4.1 Fighting
 + Level 3.2 Axes
 + Level 3.6 Armour
 - Level 2.1 Shields


You had 4 spell levels left.
You didn't know any spells.
Your spell library was empty.

Inventory:

Hand Weapons
 a - a +0 war axe (weapon) {Rafael}
 k - a +0 hand axe (offhand) {Ramón}
   (You took it off an orc on level 3 of the Dungeon)
Armour
 b - a +0 scale mail (melded)
 c - a +0 buckler
 f - a +0 helmet (melded)
   (You took it off Robin on level 3 of the Dungeon)
Scrolls
 g - 2 scrolls of teleportation
 h - a scroll of vulnerability
Potions
 d - a potion of might
 e - 3 potions of mutation

Dungeon Overview and Level Annotations

Branches:
Dungeon (4/15) Zot: 22047
 Temple: D:4-7

Altars:
Vehumet
Zin

# #.# #..###.#
# #.# #. #.# #
#.# #. #.# .
..< #.# # #(.
#.# # # #..
###.##
.##..###~~~~#
.......~~~≈≈~#
~.##~~~~≈≈≈≈♣#
~~~~~≈≈≈≈≈~O~#
≈≈≈≈≈≈≈≈~~~###
≈≈≈≈≈~~~~###
~~~~~~.###
#.###.. #..
... ###.


You could see an ogre.


Message History

Unknown command.
You slash the jackal with your +0 war axe!
You kill the jackal!
You barely miss the jackal with your +0 war axe.
You closely miss the jackal with your +0 hand axe.
The jackal bites you but does no damage. x2
The jackal bites you but does no damage.
You barely miss the jackal with your +0 war axe.
You closely miss the jackal with your +0 hand axe.
The jackal bites you. The jackal barely misses you. 😕 HP[-1]
You take 1 damage, and now have 41/42 hp.
Unknown command.
You slash the jackal with your +0 war axe!
You kill the jackal!
You now have 84 gold pieces (gained 14).
Found an escape hatch in the ceiling. 😎 HP[+1]
Your hp is fully restored (42).
No target in view!
Unknown command.
Found a stone staircase leading up.
There is a stone staircase leading up here.
A rat comes into view.
The rat squeaks loudly.
Unknown command.
The rat bites you. 😕 HP[-1]
You take 1 damage, and now have 41/42 hp.
You barely miss the rat with your +0 hand axe.
You hit the rat with your +0 war axe.
You kill the rat! 😎 HP[+1]
Your hp is fully restored (42).
No target in view!
A malevolent force fills the Dungeon...
You fall into a shaft and drop 1 floor!
The shaft crumbles and collapses.
You now have 94 gold pieces (gained 10).
Found a stone staircase leading up.
Found a stone staircase leading down.
Found a stone staircase leading up.
You see here a +0 ring mail.
No target in view!
No target in view!
Unknown command.
g - 2 scrolls of teleportation (gained 1)
You enter the shallow water.
Moving in this stuff is going to be slow.
An ogre comes into view. It is wielding a +0 giant club.
An ogre is nearby!
Unknown command.
Unknown command.
Why would you want to do that? The ogre barely misses you.
Unknown command.
Your unstable footing causes you to fumble your attack. x2
You hit the ogre with your +0 hand axe.
Your unstable footing causes you to fumble your attack.
The ogre hits you with a +0 giant club!!
Ouch! That really hurt!
* * * LOW HITPOINT WARNING * * *
😨 HP[-26]
You take 26 damage, and now have 16/42 hp.
MASSIVE DAMAGE!! (PAUSE)
Okay, then.
Okay, then.
Unknown command.
You feel much better.
The ogre hits you with a +0 giant club!!
Ouch! That really hurt!
* * * LOW HITPOINT WARNING * * *
😨 HP[+3]
You regained 3 hp, and now have 19/42 hp.
Unknown command.
You turn into a tree.
Your +0 helmet melds into your body.
Your +0 scale mail melds into your body.
Your roots penetrate the ground.
The ogre hits you with a +0 giant club!
* * * LOW HITPOINT WARNING * * *
😨 HP[-1]
You now have 63 max hp (+21).
Unknown command.
Unknown command.
You hit the ogre with your +0 hand axe.
You barely miss the ogre with your +0 war axe.
You hit the ogre but do no damage.
You slash the ogre with your +0 war axe!
The ogre hits you with a +0 giant club!
* * * LOW HITPOINT WARNING * * *
Unknown command. 😱 HP[-10]
You take 10 damage, and now have 8/63 hp.
You hit the ogre but do no damage.
You slash the ogre with your +0 war axe!
The ogre completely misses you.
Unknown command.
You barely miss the ogre with your +0 war axe.
You closely miss the ogre with your +0 hand axe.
The ogre hits you with a +0 giant club!
You die...

Skill      XL: |  1  2  3  4 |
---------------+-------------+-----
Armour         | 3 |  3.6
Axes           | 3 |  3.2
Fighting       | 4 |  4.1
Shields        | |  2.1

Action                     |  1- 3 |  4- 6 || total
---------------------------+-------+-------++-------
  Melee: War axe           |   115 |    41 ||   156
         Hand axe          |       |    19 ||    19
    Use: Scroll            |     1 |     4 ||     5
         Potion            |       |     3 ||     3
 Armour: Scale mail        |    94 |    60 ||   154
         Skin              |       |     3 ||     3
  Dodge: Dodged            |    49 |    36 ||    85
  Block: Buckler           |    33 |     9 ||    42

Levels and vault maps discovered:
D:1:      shiori_arrival_oz, layout_rooms, minmay_misc_feat_tiny
D:2:      layout_basic, uniq_crazy_yiuf_cottage
D:3:      layout_loops_ring, mainiacjoe_overflow_boulevard,
          mainiacjoe_overflow_paths, mainiacjoe_overflow_alcove_4,
          nicolae_hepliaklqana_ecumenical_no_more,
          dreamdust_ecumenical_altar_drowned_temple, uniq_robin
D:4:      wander_river, layout_loops_ring

Notes
Turn   | Place    | Note
-------+----------+-------------------------------------------
     0 | D:1      | ytrimaz the Coglin Fighter began the quest for the Orb.
     0 | D:1      | Reached XP level 1. HP: 18/18 MP: 1/1
     0 | D:1      | magus.rc [v1.9.6]
    92 | D:1      | Reached XP level 2. HP: 24/24 MP: 2/2
   351 | D:1      | Upgraded the game from 0.32-a0-732-ga344392067 to
                  | 0.32-a0-747-gc8563f6773
   351 | D:1      | magus.rc [v1.9.6]
   383 | D:1      | Reached skill level 3 in Armour
   678 | D:2      | Reached XP level 3. HP: 29/29 MP: 3/3
  1068 | D:2      | Reached XP level 4. HP: 37/37 MP: 4/4
  1365 | D:3      | Found a radiant altar of Vehumet.
  1422 | D:3      | Identified the ring "Moemugh" {rPois rF- Str+5 Int-4 SInv}
  1459 | D:3      | Found a faded altar of an unknown god.
  1566 | D:3      | Found a glowing silver altar of Zin.
  1601 | D:3      | Reached skill level 3 in Axes
  1609 | D:3      | Noticed Robin
  1618 | D:3      | Reached skill level 4 in Fighting
  1618 | D:3      | HP: 9/37 [goblin/+0 club[Robin] (6)]
  1619 | D:3      | Killed Robin
  1620 | D:3      | Reached XP level 5. HP: 10/42 MP: 5/5
  1824 | D:3      | You fall into a shaft and drop 1 floor!
  1868 | D:4      | Noticed an ogre
  1879 | D:4      | HP: 8/63 [ogre/+0 giant club (11)]
  1881 | D:4      | Mangled by an ogre

Vanquished Creatures
  Robin (D:3)
  2 adders
  2 dart slugs (D:2)
  3 ribbon worms (D:2)
  4 orcs (D:3)
  An endoplasm (D:2)
  2 giant cockroaches (D:1)
  11 goblins
  10 hobgoblins
  4 jackals
  5 kobolds
  4 quokkas
  7 ball pythons
  2 bats (D:1)
  5 frilled lizards
  7 rats
  A spectral goblin (D:3)
71 creatures vanquished.

Table legend:
 A = Non-vault XP
 B = Vault XP
 C = Vault XP percentage of total XP
 D = Non-vault monster count
 E = Vault monster count
 F = Vault count percentage of total count
                 A         B        C        D         E       F
            +---------+---------+-------+---------+---------+-------
      Total |     128 |      43 |  25.1 |      56 |      15 |  21.1
            +---------+---------+-------+---------+---------+-------
        D:1 |      30 |       2 |   6.2 |      19 |       1 |   5.0
        D:2 |      52 |       0 |   0.0 |      19 |       0 |   0.0
        D:3 |      46 |      41 |  47.1 |      18 |      14 |  43.8
            +---------+---------+-------+---------+---------+-------

Skill      XL: |  1  2  3  4 |
---------------+-------------+-----
Armour         | 3 |  3.6
Axes           | 3 |  3.2
Fighting       | 4 |  4.1
Shields        | |  2.1

Action                     |  1- 3 |  4- 6 || total
---------------------------+-------+-------++-------
  Melee: War axe           |   115 |    41 ||   156
         Hand axe          |       |    19 ||    19
    Use: Scroll            |     1 |     4 ||     5
         Potion            |       |     3 ||     3
 Armour: Scale mail        |    94 |    60 ||   154
         Skin              |       |     3 ||     3
  Dodge: Dodged            |    49 |    36 ||    85
  Block: Buckler           |    33 |     9 ||    42

Illustrated notes

Table legend:
 A = Kills in this place as a percentage of kills in the entire game.
 B = Kills by you in this place as a percentage of kills by you in the entire game.
 C = Kills by friends in this place as a percentage of kills by friends in the entire game.
 D = Other kills in this place as a percentage of other kills in the entire game.
 E = Experience gained in this place as a percentage of experience gained in the entire game.
 F = Experience gained in this place divided by the number of levels of this place that you have seen.
                   A       B       C       D       E      F
               +-------+-------+-------+-------+-------+----------------------
         Total | 100.0 | 100.0 |   N/A |   N/A | 100.0 |  42.8
       Dungeon | 100.0 | 100.0 |   N/A |   N/A | 100.0 |  42.8
               +-------+-------+-------+-------+-------+----------------------

Table legend: (Time is in decaauts)
 A = Elapsed time spent in this place.
 B = Non-inter-level travel time spent in this place.
 C = Inter-level travel time spent in this place.
 D = Time resting spent in this place.
 E = Time spent auto-exploring this place.
 F = Levels seen in this place.
 G = Mean time per level.
                   A        B        C        D        E       F      G
               +--------+--------+--------+--------+--------+-----+--------+
         Total |   1951 |   1890 |     61 |      0 |   1379 |   4 |  487.8 |
       Dungeon |   1951 |   1890 |     61 |      0 |   1379 |   4 |  487.8 |
               +--------+--------+--------+--------+--------+-----+--------+

Top non-repeatable levels by time:
     D:2: 731 daAuts
     D:1: 653 daAuts
     D:3: 501 daAuts
     D:4: 65 daAuts
